 Dungeon Crawl Stone Soup version 0.23-a0-49-gd9f7a49 (webtiles) character file.

33 galech the Stinger (level 3, -1/28 HPs)
             Began as a Gnoll Wanderer on Aug 7, 2018.
             Slain by Sigmund
             ... wielding a +0 scythe
              (6 damage)
             ... on level 2 of the Dungeon.
             The game lasted 00:01:18 (978 turns).

galech the Stinger (Gnoll Wanderer)                  Turns: 978, Time: 00:01:19

Health: -1/28      AC: 11    Str: 16    XL:     3   Next: 29%
Magic:  7/7        EV:  9    Int: 11    God:
Gold:   56         SH:  0    Dex: 16    Spells: 7/7 levels left

rFire    . . .     SeeInvis .   d - +0 spear
rCold    . . .     Gourm    .   (no shield)
rNeg     . . .     Faith    .   a - +2 scale mail
rPois    .         Spirit   .   (no helmet)
rElec    .         Reflect  .   (no cloak)
rCorr    .         Harm     .   j - +0 pair of gloves (curse)
MR       .....                  i - +0 pair of boots
Stlth    ..........             (no amulet)
HPRegen  0.09/turn              (no ring)
MPRegen  0.10/turn              (no ring)

@: confused
A: distributed training, fangs 1, strong nose
a: no special abilities


You were on level 2 of the Dungeon.
You were not hungry.

You visited 1 branch of the dungeon, and saw 2 of its levels.

You collected 56 gold pieces.

Inventory:

Hand Weapons
 b - a +0 hand crossbow
 d - a +0 spear (weapon)
Missiles
 c - 19 bolts
Armour
 a - a +2 scale mail (worn)
 i - a +0 pair of boots (worn)
 j - a cursed +0 pair of gloves (worn)
Scrolls
 e - 4 scrolls of magic mapping {unknown}
 g - a scroll of remove curse {unknown}
Potions
 k - a potion of curing {unknown}
Comestibles
 f - 2 rations


   Skills:
 + Level 2.6 Fighting
 + Level 0.7 Short Blades
 + Level 0.7 Long Blades
 + Level 0.7 Axes
 + Level 0.7 Maces & Flails
 + Level 0.7 Polearms
 + Level 0.7 Staves
 + Level 0.7 Slings
 + Level 0.7 Bows
 + Level 0.7 Crossbows
 + Level 4.5 Throwing
 + Level 4.5 Armour
 + Level 0.7 Dodging
 + Level 0.7 Stealth
 + Level 0.7 Shields
 + Level 0.7 Unarmed Combat
 + Level 2.8 Spellcasting
 + Level 0.5 Conjurations
 + Level 0.5 Hexes
 + Level 0.5 Charms
 + Level 0.5 Summonings
 + Level 0.5 Necromancy
 + Level 0.5 Translocations
 + Level 0.5 Transmutations
 + Level 0.5 Fire Magic
 + Level 0.5 Ice Magic
 + Level 0.5 Air Magic
 + Level 0.5 Earth Magic
 + Level 7.1 Poison Magic
 + Level 0.9 Invocations
 + Level 0.7 Evocations


You had 7 spell levels left.
You didn't know any spells.
Your spell library was empty.

Dungeon Overview and Level Annotations

Branches:
Dungeon (2/15)

Altars:

Annotations:
D:2 Sigmund


Innate Abilities, Weirdness & Mutations

Your experience applies equally to all skills.
You have very sharp teeth.
Your uncanny sense of smell can sniff out nearby items.


Message History

You miss something. Something hits you but does no damage.
You closely miss something. Your bite misses something.
Something hits you but does no damage.
You hit something. You hit something but do no damage.
You hear some strange, mumbled words.
You are confused.
Your scale mail prevents you from hitting something.
You hear some strange, mumbled words.
A magic dart appears from out of thin air!
The magic dart hits you!
* * * LOW HITPOINT WARNING * * *
You miss something.
You hear some strange, mumbled words.
A puff of flame appears from out of thin air!
The puff of flame hits you!
* * * LOW HITPOINT WARNING * * *
You bump into the rock wall.
Something hits you but does no damage.
You bump into the rock wall.
Something hits you.
You die...

###.#..#
###.#.#..#
....[.#..#
.........###
.......†...#######
........##.#.....%
........%.........
$......###{######
....... #@#
....... #.#
####### #.# #.# ∆
#.# #.# #<# ######
#.#######....#
#.........####


There were no monsters in sight!

Vanquished Creatures
  2 dart slugs (D:1)
  4 leopard geckos (D:1)
  3 bats
  A giant cockroach (D:2)
  4 hobgoblins (D:1)
  A ball python (D:1)
  6 frilled lizards (D:1)
  4 kobolds (D:1)
  A rat (D:1)
26 creatures vanquished.

Notes
Turn   | Place    | Note
-------+----------+-------------------------------------------
     0 | D:1      | galech the Gnoll Wanderer began the quest for the Orb.
     0 | D:1      | galech set off with: a +2 scale mail, a +0 hand crossbow, 23 bolts, a +0 spear, a ration
     0 | D:1      | Reached XP level 1. HP: 17/17 MP: 4/4
   109 | D:1      | Reached XP level 2. HP: 18/23 MP: 5/5
   594 | D:1      | Reached XP level 3. HP: 28/28 MP: 7/7
   951 | D:2      | Noticed Sigmund
   978 | D:2      | Slain by Sigmund

Vault maps used:
D:1:      sevenhm_arrival_forest_fort_large_2, minmay_lizard_king
D:2:      kennysheep_six_static_rooms, first_ration, uniq_sigmund

Action                   || total
-------------------------++-------
Melee: Spear             ||    25
       Bite              ||     2
 Fire: Hand crossbow     ||    47
Armor: Scale mail        ||    21
Dodge: Dodged            ||     8

Table legend:
 A = Spawn XP
 B = Non-spawn XP
 C = Spawn XP percentage of total XP
 D = Spawn monster count
 E = Non-spawn monster count
 F = Spawn count percentage of total count
 G = Total turns spent on level
                    A         B        C        D         E        F      G
               +---------+---------+-------+---------+---------+-------+---------
         Total |       0 |      48 |   0.0 |       0 |      26 |   0.0 |   978
               +---------+---------+-------+---------+---------+-------+---------
           D:1 |       0 |      44 |   0.0 |       0 |      24 |   0.0 |   916
           D:2 |       0 |       4 |   0.0 |       0 |       2 |   0.0 |    62
               +---------+---------+-------+---------+---------+-------+---------
